 Dungeon Crawl Stone Soup version 0.21.0-24-g2553a33 (webtiles) character file.

50 Monsterracer the Magician (level 3, -2/20 HPs)
             Began as a Deep Elf Transmuter on Jan 19, 2018.
             Slain by an adder (4 damage)
             ... on level 2 of the Dungeon.
             The game lasted 00:03:00 (2969 turns).

Monsterracer the Magician (Deep Elf Transmuter)     Turns: 2969, Time: 00:03:01

Health: -2/20      AC:  2    Str:  6 (7)  XL:     3   Next: 55%
Magic:  10/10      EV: 13    Int: 15 (18) God:
Gold:   38         SH:  0    Dex: 13 (15) Spells: 6/9 levels left

rFire    . . .     SeeInvis .     - Unarmed
rCold    . . .     Gourm    .   (no shield)
rNeg     . . .     Faith    .   b - +0 robe
rPois    .         Spirit   .   (no helmet)
rElec    .         Reflect  .   (no cloak)
rCorr    .         Harm     .   (no gloves)
MR       .....                  (no boots)
Stlth    +.........             (no amulet)
HPRegen  0.06/turn              (no ring)
MPRegen  0.12/turn              (no ring)

@: lethally poisoned (-2 -> -9)
A: no striking features
a: no special abilities


You were on level 2 of the Dungeon.
You were hungry.

You visited 1 branch of the dungeon, and saw 2 of its levels.

You collected 38 gold pieces.

Inventory:

Missiles
 a - 35 arrows
Armour
 b - a +0 robe (worn)
Scrolls
 e - a scroll of remove curse {unknown}
 g - 3 scrolls of identify {unknown}
 j - a scroll of teleportation {unknown}
 k - a scroll of magic mapping {unknown}
Potions
 i - a potion of agility {unknown}
Books
 d - a book of Changes

   Spells                             Type                      Level
   a - Beastly Appendage              Transmutation                1
   b - Sticks to Snakes               Transmutation                2
   c - Spider Form                    Transmutation/Poison         3
   d - Ice Form                       Ice/Transmutation            4
   e - Blade Hands                    Transmutation                5
Comestibles
 c - 3 rations


   Skills:
 + Level 1.4 Fighting
 - Level 2.4 Dodging
 - Level 2.5 Unarmed Combat
 + Level 3.6 Spellcasting
 * Level 3.4 Transmutations


You had 6 spell levels left.
You knew the following spells:

 Your Spells              Type           Power        Failure   Level  Hunger
a - Beastly Appendage     Tmut           ##....       4%          1    None
b - Sticks to Snakes      Tmut           ##......     7%          2    ##.....


Dungeon Overview and Level Annotations

Branches:
Dungeon (2/15)

Altars:


Message History

A jackal comes into view.
The jackal barks! x2
You barely miss the jackal. The jackal closely misses you.
There are monsters nearby!
There are monsters nearby!
You hit the jackal but do no damage. The jackal closely misses you.
The jackal bites you but does no damage.
An adder comes into view.
The jackal barely misses you.
You hit the jackal.
The jackal is lightly wounded.
The jackal bites you.
You hit the jackal but do no damage.
The jackal is lightly wounded.
The jackal barely misses you.
You hit the jackal.
The jackal is moderately wounded.
The jackal bites you but does no damage.
The jackal bites you.
You barely miss the jackal.
The jackal is moderately wounded.
The jackal closely misses you.
You closely miss the jackal.
The jackal is moderately wounded.
The jackal bites you.
You take 6 damage, and have 14/20 hp.
MASSIVE DAMAGE!!
You closely miss the jackal.
The jackal is moderately wounded.
The jackal closely misses you. The jackal bites you.
You take 2 damage, and have 12/20 hp.
You hit the jackal.
The jackal is almost dead.
The jackal bites you.
You take 1 damage, and have 11/20 hp.
You hit the jackal but do no damage.
The jackal is severely wounded.
The jackal misses you.
You barely miss the jackal.
The jackal is severely wounded.
The jackal bites you.
* * * LOW HITPOINT WARNING * * *
The jackal barely misses you.
You take 2 damage, and have 9/20 hp.
Casting: Sticks to Snakes
Confirm with . or Enter, or press ? or * to list all spells.
You create a snake!
You now have 37 arrows.
The adder hisses angrily.
You are feeling hungry.
The jackal misses you.
You now have 8/10 mp.
Your ball python closely misses the jackal. x2
The jackal closely misses your ball python.
You barely miss the jackal.
The jackal is severely wounded.
The jackal bites your ball python.
Your ball python bites the jackal.
The jackal dies!
You hit the jackal but do no damage.
Your ball python bites the jackal but does no damage.
Your ball python grabs the jackal.
Your ball python constricts the jackal.
The jackal bites your ball python.
Your ball python dies!
The jackal barks!
Casting: Sticks to Snakes
Confirm with . or Enter, or press ? or * to list all spells.
You create a snake!
You now have 36 arrows.
The jackal closely misses you.
You now have 6/10 mp.
Your adder misses the jackal. The jackal misses you.
You hit the jackal.
The jackal is moderately wounded.
Your adder bites the jackal but does no damage.
The jackal bites you but does no damage.
Your adder closely misses the jackal.
The adder misses you.
Your adder closely misses the jackal.
The adder bites you.
* * * LOW HITPOINT WARNING * * *
Your adder bites the jackal.
You take 1 damage, and have 8/20 hp.
You hit the adder but do no damage. The adder bites you.
* * * LOW HITPOINT WARNING * * *
You are lethally poisoned!
The adder poisons you!
Your adder bites the jackal.
The jackal is poisoned.
Your adder poisons the jackal!
You take 3 damage, and have 5/20 hp.
Casting: Sticks to Snakes
Confirm with . or Enter, or press ? or * to list all spells.
You create a snake!
You now have 35 arrows.
* * * LOW HITPOINT WARNING * * *
You feel sick. The adder bites you.
* * * LOW HITPOINT WARNING * * *
Your adder closely misses the jackal.
You take 3 damage, and have 2/20 hp.
You now have 5/10 mp.
It was a potion of degeneration.
There was something very wrong with that liquid.
You feel weakened.
You feel dopey.
You feel clumsy.
* * * LOW HITPOINT WARNING * * *
You feel sick. The adder barely misses you.
Your adder bites the jackal.
The jackal dies!
The adder misses you.
You take 1 damage, and have 1/20 hp.
It was a potion of magic.
Magic courses through your body. The adder bites you.
You die...

.##.....## .b......
### #.##..... #..
#.....#.# #.#
#.....#####.#
#..##.......##
#..##.##.....#
#..##.##.....####
##.###S@##.##........#
........SS.##<....##.#
##.###..#..##.....##.#
#..#..####..###.#
#..#......#..##.###
#..##....###.......
...######.#..##.###
##.## #.#.##.# #. #
#.##..


You could see an adder, a bat, a friendly adder and a friendly ball python.

Vanquished Creatures
  A dart slug (D:1)
  2 leopard geckos (D:1)
  3 giant cockroaches (D:1)
  4 goblins
  2 hobgoblins
  5 jackals (D:1)
  A ball python (D:1)
  8 bats
  5 kobolds
  3 rats (D:1)
34 creatures vanquished.

Vanquished Creatures (collateral kills)
  An adder (D:2)
  A hobgoblin (D:1)
  2 jackals (D:2)
4 creatures vanquished.

Grand Total: 38 creatures vanquished

Notes
Turn   | Place    | Note
-------+----------+-------------------------------------------
     0 | D:1      | Monsterracer the Deep Elf Transmuter began the quest for the Orb.
     0 | D:1      | Reached XP level 1. HP: 11/11 MP: 6/6
    56 | D:1      | Reached skill level 1 in Fighting
   184 | D:1      | Reached XP level 2. HP: 11/16 MP: 6/8
   188 | D:1      | Learned a level 2 spell: Sticks to Snakes
   329 | D:1      | HP: 8/16 [giant cockroach (2)]
   515 | D:1      | HP: 7/16 [jackal (2)]
  1332 | D:1      | Reached XP level 3. HP: 11/20 MP: 8/10
  1742 | D:1      | HP: 10/20 [hobgoblin/club (7)]
  2504 | D:2      | HP: 10/20 [poisoned by an adder]
  2510 | D:2      | HP: 6/20 [poisoned by an adder]
  2515 | D:2      | HP: 4/20 [poisoned by an adder]
  2522 | D:2      | HP: 3/20 [poisoned by an adder]
  2530 | D:2      | HP: 1/20 [poisoned by an adder]
  2955 | D:2      | HP: 9/20 [jackal (2)]
  2965 | D:2      | HP: 8/20 [adder (1)]
  2967 | D:2      | HP: 2/20 [adder (2)]
  2969 | D:2      | Slain by an adder

Skill      XL: |  1  2 |
---------------+-------+-----
Fighting       | 1 |  1.4
Transmutations | 3 |  3.4
Dodging        | |  2.4
Unarmed Combat | |  2.5
Spellcasting   | |  3.6

Action                   || total
-------------------------++-------
Melee: Unarmed           ||   162
       Headbutt          ||     1
       Kick              ||     3
       Punch             ||     1
 Cast: Beastly Appendage ||    14
       Sticks to Snakes  ||     5
  Use: Potion            ||     2
 Stab: Sleeping          ||     1
  Eat: Chunk             ||     6
Armor: Robe              ||    37
Dodge: Dodged            ||   131

Vault maps used:
D:1:      lemuel_arrival_behind_the_door_small
D:2:      uniq_crazy_yiuf_cottage
